 Dungeon Crawl Stone Soup version 0.32-a0-612-g1c984fe9d1 (webtiles) character file.

Game seed: 15723332434721627222

93 porpoise the Shooter (level 4, -3/38 HPs)
             Began as a Minotaur Hunter on Mar 5, 2024.
             Slain by Terence
             ... wielding a +2 trident of protection
              (6 damage)
             ... on level 2 of the Dungeon.
             The game lasted 00:02:58 (1209 turns).

porpoise the Shooter (Minotaur Hunter)              Turns: 1209, Time: 00:02:58

Health: -3/38      AC:  3    Str: 16    XL:     4   Next: 36%
Magic:  3/3        EV: 12    Int:  6    God:
Gold:   125        SH:  0    Dex: 15    Spells: 3/3 levels left

rFire   . . .        a - +0 shortbow
rCold   . . .        (shield currently unavailable)
rNeg    . . .        c - +0 leather armour
rPois   .            (helmet restricted)
rElec   .            (no cloak)
rCorr   .            (no gloves)
SInv    .            (no boots)
Will    .....        e - amulet of the acrobat
Stlth   +            (no ring)
HPRegen 0.26/turn    (no ring)
MPRegen 0.08/turn

%: acrobat
@: attractive
A: horns 2, retaliatory headbutt
a: no special abilities


You were on level 2 of the Dungeon.
You visited 1 branch of the dungeon, and saw 2 of its levels.

You collected 125 gold pieces.

Inventory:

Hand Weapons
 a - a +0 shortbow (weapon)
Missiles
 h - 2 poisoned darts
Armour
 c - a +0 leather armour (worn)
Jewellery
 e - an amulet of the acrobat (around neck)
 g - a ring of fire
Scrolls
 b - a scroll of butterflies
 f - 3 scrolls of identify {unknown}


   Skills:
 + Level 3.4 Fighting
 * Level 5.5 Ranged Weapons
 + Level 2.2 Armour
 - Level 2.1 Dodging
 - Level 0.7 Stealth


You had 3 spell levels left.
You didn't know any spells.
Your spell library contained the following spells:

 Spells                   Type           Power      Damage    Failure   Level
 Foxfire                  Conj/Fire      0%         2x1d4     52%         1
 Plasma Beam              Fire/Air       0%         2x1d10    100%        6
 Starburst                Conj/Fire      0%         6d3       100%        6


Dungeon Overview and Level Annotations

Branches:
Dungeon (2/15)

Altars:

Annotations:
D:2 Terence


Innate Abilities, Weirdness & Mutations

You have a pair of horns on your head.
You reflexively headbutt those who attack you in melee.


Message History

You shoot an arrow. The arrow hits Terence.
Terence is moderately wounded.
Terence hits you from afar with a +2 trident of protection!
Terence hits you from afar with a +2 trident of protection.
You aren't carrying any items that you can evoke.
You aren't carrying any items that you can evoke.
You are too injured to fight recklessly!
You are too injured to fight recklessly!
Fire: a) +0 shortbow
Press: ? - help, Q - select action, (/) - cycle Shift-Dir - straight line, f/p - Terence
Aim: Terence, wielding a +2 trident of protection and wearing a +0 scale mail (moderately wounded, 65% to hit)
You shoot an arrow.
The arrow hits Terence but does no damage.
Terence is moderately wounded.
Terence hits you from afar with a +2 trident of protection.
* * * LOW HITPOINT WARNING * * *
It was a potion of attraction.
You feel attractive to monsters.
Terence hits you from afar with a +2 trident of protection.
* * * LOW HITPOINT WARNING * * *
Terence is attracted toward you.
Fire: a) +0 shortbow
Press: ? - help, Q - select action, (/) - cycle Shift-Dir - straight line, f/p - Terence
Aim: Terence, wielding a +2 trident of protection and wearing a +0 scale mail (translocational energy, moderately wounded, 65% to hit)
You shoot an arrow. The arrow barely misses Terence.
Terence barely misses you.
Fire: a) +0 shortbow
Press: ? - help, Q - select action, (/) - cycle Shift-Dir - straight line, f/p - Terence
Aim: Terence, wielding a +2 trident of protection and wearing a +0 scale mail (translocational energy, moderately wounded, 65% to hit)
You shoot an arrow. The arrow barely misses Terence.
Terence barely misses you.
Fire: a) +0 shortbow
Press: ? - help, Q - select action, (/) - cycle Shift-Dir - straight line, f/p - Terence
Aim: Terence, wielding a +2 trident of protection and wearing a +0 scale mail (translocational energy, moderately wounded, 65% to hit)
You shoot an arrow.
The arrow hits Terence but does no damage.
Terence is moderately wounded.
Terence hits you with a +2 trident of protection.
You die...
Terence says, "Time to find some more victims."

... .. ....##.
....#^.########
.....[........#
..............#
...#.......>..#
#.....@.......#
#$....@......#
#............#
##............#
.......<.....|#
...............#
.............####
.............##
..............#
...............#


You could see Terence.

Vanquished Creatures
  Robin (D:2)
  3 gnolls (D:2)
  2 ball pythons (D:1)
  2 bats (D:1)
  2 giant cockroaches (D:2)
  11 goblins
  9 hobgoblins
  7 kobolds
  A quokka (D:2)
  3 frilled lizards (D:1)
  8 rats
49 creatures vanquished.

Notes
Turn   | Place    | Note
-------+----------+-------------------------------------------
     0 | D:1      | porpoise the Minotaur Hunter began the quest for the Orb.
     0 | D:1      | Reached XP level 1. HP: 18/18 MP: 0/0
   110 | D:1      | Reached XP level 2. HP: 25/25 MP: 1/1
   208 | D:1      | Reached skill level 1 in Armour
   660 | D:2      | Noticed Robin
   669 | D:1      | Reached skill level 5 in Ranged Weapons
   699 | D:2      | Reached XP level 3. HP: 30/31 MP: 2/2
   926 | D:2      | Reached XP level 4. HP: 38/38 MP: 3/3
  1147 | D:2      | Killed Robin
  1193 | D:2      | Noticed Terence
  1209 | D:2      | Slain by Terence

Illustrated notes

Levels and vault maps discovered:
D:1:      onia_arrival_mini_maze_b, layout_loops_ring, minmay_cut_off
D:2:      layout_rooms, shapermc_ecumenical_altar_petra, uniq_robin,
          uniq_terence, uniq_jessica

Skill      XL: |  1  2  3 |
---------------+----------+-----
Armour         | 1 2 |  2.2
Ranged Weapons | 5 |  5.5
Fighting       | 3 |  3.4
Dodging        | |  2.1
Stealth        | |  0.7

Action                     |  1- 3 |  4- 6 || total
---------------------------+-------+-------++-------
   Fire: Shortbow          |   104 |    47 ||   151
    Use: Potion            |       |     1 ||     1
 Armour: Leather armour    |    18 |    36 ||    54
  Dodge: Dodged            |    21 |    40 ||    61

Table legend: (Time is in decaauts)
 A = Elapsed time spent in this place.
 B = Non-inter-level travel time spent in this place.
 C = Inter-level travel time spent in this place.
 D = Time resting spent in this place.
 E = Time spent auto-exploring this place.
 F = Levels seen in this place.
 G = Mean time per level.
                   A        B        C        D        E       F      G
               +--------+--------+--------+--------+--------+-----+--------+
         Total |   1238 |   1207 |     31 |    354 |    605 |   2 |  619.0 |
       Dungeon |   1238 |   1207 |     31 |    354 |    605 |   2 |  619.0 |
               +--------+--------+--------+--------+--------+-----+--------+

Top non-repeatable levels by time:
     D:1: 916 daAuts
     D:2: 322 daAuts
